cohdb
Replays
Latest Replays
All Replays
Popular Replays
Top Player Replays
Match Explorer
How It Works
Community
CoH3 Stats
Reddit
Sign in to upload your games and track your stats! →
Sign in with Steam
The tales of a Willys Jeep
Match 11362000
Overview
Messages
Build Orders
End
Engineer Squad
Construct Barracks
1⁄4-ton 4x4 Truck
Riflemen Squad
Riflemen Squad
Riflemen Squad
Construct Medical Station
Mechanized Support Center
Selects Airborne Battlegroup
Selects Heavy Machine Gun Paradrop
Selects Paratrooper Squad Paradrop
M1918 Browning Automatic Rifles
Grenade Package
Riflemen Squad
M1 Mortar Team
Selects Anti-tank Gun Team Paradrop
Anti-tank Gun Team Paradrop
Construct Tank Depot
Selects Recon Loiter
M4A1 Sherman Medium Tank
M4A1 76mm Conversion
Selects Paradrop Reinforcements
Herr Blautier
HighFive
0
0
Comments
sign in to comment!
No comments posted yet!